AoeStats
← Embege

MegaRandom

510199262Analyzed
4v4 RM · 3d ago on Sep 29, 2026· 28m 15s· 8 players
Game mode
Random Map
Map size
Large (8 player)
Population
200
Speed
Normal
Resources
Standard
Victory
Conquest
Starting age
Dark Age
Ending age
Imperial Age
RankedLock teamsTeams togetherTeam positionsShared explorationLock speedFull tech treeHidden civsTurbo modeCheats
Victory
Defeat
🇧🇪 Saracens · Belgium
1659
+8
🇺🇸 Magyars · United States
1609
+10
🇺🇾 Italians · Uruguay
1602
+10
🇺🇾 Varangians · Uruguay
1542
+12
🇨🇦 Varangians · Canada
1545
-13
🇦🇿 Huns · Azerbaijan
1480
-10
🇮🇩 Hindustanis · Indonesia
1424
-9
🇮🇩 Cumans · Indonesia
1414
-8
JMDDN
0:36 Loom
9:40 Feudal Age
10:21 Double-Bit Axe
12:54 Bloodlines
16:18 Horse Collar
20:21 Scale Barding Armor
21:52 Forging
25:35 Wheelbarrow
28:51 Castle Age
我放了个屁她顺风追了
10:23 Feudal Age
9:06 Loom
14:36 Castle Age
12:41 Double-Bit Axe
14:07 Horse Collar
19:42 Scale Barding Armor
22:45 Forging
23:19 Wheelbarrow
24:10 Husbandry
25:36 Iron Casting
26:52 Bloodlines
VSPR | Valkyrie
10:04 Feudal Age
13:21 Double-Bit Axe
20:04 Castle Age
26:38 Fletching
Embege
0:41 Loom
10:35 Feudal Age
12:37 Scale Barding Armor
12:43 Forging
13:42 Double-Bit Axe
14:57 Bloodlines
24:49 Castle Age
25:01 Light Cavalry
26:19 Chain Barding Armor
27:47 Bow Saw
|FMG| twitch/JabsUY
0:33 Loom
9:41 Feudal Age
10:29 Double-Bit Axe
15:47 Fletching
16:53 Horse Collar
22:57 Castle Age
21:53 Padded Archer Armor
23:40 Bodkin Arrow
23:06 Crossbowman
25:16 Thumb Ring
26:35 Ballistics
|FMG| Nadie
0:31 Loom
11:07 Feudal Age
11:54 Double-Bit Axe
17:42 Bloodlines
21:05 Wheelbarrow
21:01 Scale Barding Armor
24:47 Castle Age
24:14 Horse Collar
25:31 Forging
25:40 Husbandry
26:02 Chain Barding Armor
Komi
0:29 Loom
10:10 Feudal Age
12:12 Double-Bit Axe
13:33 Fletching
19:26 Gold Mining
23:52 Castle Age
23:28 Padded Archer Armor
24:04 Crossbowman
24:44 Bodkin Arrow
26:53 Ballistics
26:55 Leather Archer Armor
28:31 Thumb Ring
[C82]sasuke
0:31 Loom
11:54 Feudal Age
13:27 Double-Bit Axe
15:18 Horse Collar
16:42 Bloodlines
23:24 Castle Age
22:56 Wheelbarrow
23:26 Light Cavalry
24:07 Husbandry
24:13 Scale Barding Armor
24:23 Bow Saw
24:35 Town Watch
25:14 Chain Barding Armor
28:28 Corvinian Army
Connection lost

Rejoining the realm…

Still unreachable

The connection could not be restored.

Session expired

The server has moved on; the page needs a fresh start.